 Dungeon Crawl Stone Soup version 0.26.0-18-gc5c842f807 (webtiles) character file.

Game seed: 7149617321061205550

1611 Greed the Spear-Bearer (level 8, -5/58 (62) HPs)
             Began as a Merfolk Gladiator on Jan 22, 2021.
             Was a Follower of the Shining One.
             Slain by a wight
             ... wielding a cursed +3 halberd of freezing
              (9 damage)
             ... on level 6 of the Dungeon.
             The game lasted 00:14:11 (8284 turns).

Greed the Spear-Bearer (Merfolk Gladiator)          Turns: 8284, Time: 00:14:12

HP:   -5/58 (62)    AC:  5    Str: 12    XL:     8   Next: 95%
MP:   2/2           EV: 16    Int:  8    God:    the Shining One [*.....]
Gold: 362           SH:  0    Dex: 17    Spells: 6/7 levels left

rFire    . . .     SeeInvis .   h - +1 bardiche (antimagic)
rCold    . . .     Faith    .   (shield currently unavailable)
rNeg     . . .     Spirit   .   b - +0 leather armour
rPois    .         Reflect  .   c - +1 helmet
rElec    .         Harm     .   (no cloak)
rCorr    +         Rampage  .   (no gloves)
Will     .....                  (no boots)
Stlth    ++........             (no amulet)
HPRegen  0.19/turn              i - ring of stealth
MPRegen  0.08/turn              m - ring of resist corrosion

@: glowing, drained
A: change form in water, swift swim, stealthy swim, blurry vision 1, weak 1,
subdued magic 1, MP-powered wands
a: Renounce Religion


You were on level 6 of the Dungeon.
You worshipped the Shining One.
The Shining One was aware of your devotion.
You visited 2 branches of the dungeon, and saw 7 of its levels.

You collected 362 gold pieces.

Inventory:

Hand Weapons
 a - a +1 trident
 h - a +1 antimagic bardiche (weapon)
Armour
 b - a +0 leather armour (worn)
 c - a +1 helmet (worn)
Jewellery
 i - a ring of stealth (left hand)
 m - a ring of resist corrosion (right hand)
Wands
 o - a wand of iceblast (7)
 q - a wand of digging (3)
Scrolls
 e - 2 scrolls of enchant weapon
 f - 2 scrolls of teleportation
 j - 5 scrolls of identify
 k - a scroll of enchant armour
 r - a scroll of magic mapping
Potions
 g - a potion of invisibility {unknown}
 l - a potion of curing {unknown}
 n - a potion of brilliance {unknown}
 p - 2 potions of flight {unknown}
 s - a potion of attraction {unknown}


   Skills:
 + Level 5.2 Fighting
 + Level 11.7 Polearms
 + Level 2.4 Throwing
 + Level 2.6 Armour
 + Level 6.3 Dodging
 + Level 3.0 Stealth


You had 6 spell levels left.
You knew the following spells:

 Your Spells              Type           Power        Failure   Level
a - Freeze                Ice            0%           45%         1

Your spell library contained the following spells:

 Spells                   Type           Power        Failure   Level
 Frozen Ramparts          Ice            0%           83%         3
 Gell's Gravitas          Tloc           0%           83%         3
 Ozocubu's Armour         Ice            0%           83%         3
 Portal Projectile        Hex/Tloc       0%           83%         3
 Hailstorm                Conj/Ice       0%           99%         4
 Summon Ice Beast         Ice/Summ       0%           99%         4
 Dispersal                Tloc           0%           100%        6
 Disjunction              Tloc           0%           100%        8


Dungeon Overview and Level Annotations

Branches:
Dungeon (6/15)             Temple (1/1) D:4

Altars:
Ashenzari
Dithmenos
Elyvilon
Fedhas
Gozag
Hepliaklqana
Kikubaaqudgha
Makhleb
Nemelex Xobeh
Okawaru
Qazlal
Ru
Sif Muna
Trog
Uskayaw
Vehumet
Wu Jian
Xom
Yredelemnul
Zin
The Shining One


Innate Abilities, Weirdness & Mutations

You revert to your normal form in water.
You are very nimble and swift while swimming.
You are very stealthy in the water. (Stealth+)
Scrolls take you a little longer to read.
You are weak. (Str -2)
Your spells are a little easier to cast, but a little less powerful.
You expend magic power (3 MP) to strengthen your wands.


Message History

The orc wizard struggles against the net.
The net rips apart, and the orc wizard comes free!
The wight hits you from afar with a cursed +3 halberd of freezing!
* * * LOW HITPOINT WARNING * * *
The wight freezes you.
* * * LOW HITPOINT WARNING * * *
Something wriggles in the net.
Okay, then.
Something wriggles in the net.
The orc wizard casts a spell at itself.
The orc wizard flickers and vanishes!
Deactivating autopickup; reactivate with Ctrl-A.
Found a potion of degeneration.
An orc comes into view. It is wielding a +0 club.
Found a stone staircase leading down.
Found 18 bolts.
Really read with blurry vision while enemies are nearby?
The orc shouts!
You hear a bark!
The wight hits you from afar with a cursed +3 halberd of freezing!
You die...

#.....
...###########+####..o..
.............#....{.....
.............#...o......
.....o.......#...##.....
.............#...##.....
..>..........#'####.....
(.........o...o...#?....
.......@.zz.{....(#.....
..................#####+
..................#
....!.............#
#############.....#
+.....+ #.....# .....#


You could see 2 wights, an orc wizard (fast) and 2 orcs.

Vanquished Creatures
  Sigmund (D:5)
  Menkaure (D:5)
  Edmund (D:5)
  2 phantoms (D:5)
  2 ogres
  3 bullfrogs (D:6)
  A wyvern skeleton (D:6)
  A scorpion (D:5)
  A wight (D:6)
  A bullfrog zombie (D:5)
  A centaur zombie (D:6)
  An orc priest (D:5)
  Jessica (D:3)
  2 orc wizards (D:5)
  3 worker ants
  Terence (D:2)
  A worker ant zombie (D:6)
  3 gnolls (D:3)
  13 adders
  A white imp (D:5)
  An ufetubus (D:5)
  2 worms (D:3)
  A dart slug (D:2)
  4 leopard geckos
  7 orcs
  2 giant cockroaches
  12 goblins
  9 hobgoblins
  12 kobolds
  2 ball pythons
  6 bats
  8 frilled lizards
  A giant cockroach zombie (D:6)
  12 rats
120 creatures vanquished.

Notes
Turn   | Place    | Note
-------+----------+-------------------------------------------
     0 | D:1      | Greed the Merfolk Gladiator began the quest for the Orb.
     0 | D:1      | Reached XP level 1. HP: 16/16 MP: 1/1
   266 | D:1      | Reached XP level 2. HP: 22/23 MP: 2/2
   365 | D:1      | Reached skill level 5 in Polearms
  1237 | D:2      | Noticed Terence
  1242 | D:2      | Reached XP level 3. HP: 28/28 MP: 3/3
  1254 | D:2      | Killed Terence
  1327 | D:2      | Reached XP level 4. HP: 33/34 MP: 4/4
  1448 | D:2      | Found a stormy altar of Qazlal.
  2083 | D:2      | Found a burning altar of Makhleb.
  2112 | D:2      | Found a shimmering blue altar of Sif Muna.
  2123 | D:2      | Found an iron altar of Okawaru.
  2126 | D:2      | Reached skill level 1 in Armour
  2134 | D:2      | Found a radiant altar of Vehumet.
  2151 | D:2      | Found a broken altar of Ashenzari.
  2224 | D:2      | Found a faded altar of an unknown god.
  2292 | D:2      | Reached skill level 6 in Polearms
  2747 | D:2      | Reached XP level 5. HP: 39/39 MP: 5/5
  3046 | D:3      | Noticed Jessica
  3049 | D:3      | Killed Jessica
  3050 | D:3      | Reached skill level 1 in Stealth
  3180 | D:3      | Reached skill level 5 in Dodging
  3492 | D:3      | Reached skill level 7 in Polearms
  3509 | D:3      | Reached XP level 6. HP: 33/47 MP: 6/6
  4266 | D:3      | Gained mutation: You are weak. (Str -2) [potion of
                  | mutation]
  4266 | D:3      | Gained mutation: Your spells are a little easier to cast,
                  | but a little less powerful. [potion of mutation]
  4266 | D:3      | Gained mutation: Scrolls take you a little longer to read.
                  | [potion of mutation]
  4266 | D:3      | Gained mutation: You expend magic power (3 MP) to
                  | strengthen your wands. [potion of mutation]
  4473 | D:4      | Found an opulent altar of Gozag.
  4474 | D:4      | Found a shimmering altar of Xom.
  4938 | D:4      | Found a staircase to the Ecumenical Temple.
  5326 | Temple   | Entered the Ecumenical Temple
  5791 | Temple   | Became a worshipper of the Shining One
  5887 | D:5      | Entered Level 5 of the Dungeon
  6081 | D:5      | Noticed a phantom
  6115 | D:5      | Killed a phantom
  6116 | D:5      | Reached skill level 8 in Polearms
  6116 | D:5      | Reached XP level 7. HP: 20/52 MP: 7/7
  6620 | D:5      | Found a sparkling altar of Nemelex Xobeh.
  6796 | D:5      | Noticed Sigmund
  6823 | D:5      | Killed Sigmund
  6824 | D:5      | Reached skill level 9 in Polearms
  7124 | D:5      | Reached XP level 8. HP: 58/60 MP: 8/8
  7179 | D:5      | Reached skill level 10 in Polearms
  7269 | D:5      | Noticed Edmund
  7281 | D:5      | Killed Edmund
  7285 | D:5      | Noticed Menkaure
  7286 | D:5      | Learned a level 1 spell: Freeze
  7296 | D:5      | Killed Menkaure
  7680 | D:6      | Reached * piety under the Shining One
  7790 | D:6      | Reached skill level 11 in Polearms
  7903 | D:6      | Reached skill level 5 in Fighting
  8232 | D:6      | Identified a scroll of acquirement
  8232 | D:6      | Acquired a +1 antimagic bardiche
  8284 | D:6      | Slain by a wight

Illustrated notes

Levels and vault maps discovered:
D:1:      nagdon_arrival_zigzag_paths, layout_basic, minmay_heptomino_o4
D:2:      cheibrodos_greedy_goblins, layout_rooms, lemuel_round_altar,
          grunt_temple_overflow_cloverleaf, serial_co_window_serial,
          co_window_paths_a, co_window_paths_b, co_window_paths_b,
          co_window_paths_a, co_window_corner_a, co_window_paths_a,
          co_window_paths_b, co_window_paths_b, co_window_of_opportunity_a,
          co_window_unsneaky_path_c, co_window_cross_3, co_window_corner_ca,
          co_window_corner_b, co_window_corner_b, glass_columns_a,
          chequers_ecumenical_altar_simple_redux,
          nicolae_qazlal_general_emergency, uniq_terence
D:3:      layout_basic, uniq_jessica
D:4:      minmay_recursive_quarters, layout_basic,
          nicolae_overflow_hidden_temple, temple_fountains, minmay_distorted
D:5:      layout_loops_corners, basic_altar, minmay_checkerbox, uniq_sigmund,
          uniq_menkaure, uniq_edmund
D:6:      lemuel_upstairs_altar, layout_gridville, portal_sewer_entry_c
Temple:   eino_temple_water

Skill      XL: |  1  2  3  4  5  6  7  8 |
---------------+-------------------------+-----
Polearms       | 5 6 7 8 9 11 | 11.7
Armour         | 1 2 |  2.6
Stealth        | 1 2 3 |  3.0
Dodging        | 5 6 |  6.3
Fighting       | 3 4 5 |  5.2
Throwing       | |  2.4

Action                   |  1- 3 |  4- 6 |  7- 9 || total
-------------------------+-------+-------+-------++-------
Melee: Trident           |   109 |   249 |   153 ||   511
       Bardiche          |       |       |     6 ||     6
Throw: Throwing net      |     1 |     4 |     7 ||    12
  Use: Potion            |     1 |     7 |       ||     8
       Scroll            |       |     7 |     3 ||    10
 Stab: Sleeping          |     2 |     6 |       ||     8
       Held in net/web   |     1 |       |       ||     1
Armor: Leather armour    |    38 |    28 |    21 ||    87
Dodge: Dodged            |    83 |   120 |    60 ||   263
